 Dungeon Crawl Stone Soup version 0.23-a0-730-g0b75920 (webtiles) character file.

163563 Pooper the Black Belt (level 17, -17/146 HPs)
             Began as a Purple Draconian Monk on Jan 17, 2019.
             Was the Champion of Wu Jian.
             Demolished by an orc warrior
             ... wielding a +0 trident
              (28 damage)
             ... on level 2 of the Elven Halls.
             The game lasted 03:47:16 (41987 turns).

Pooper the Black Belt (Purple Draconian Monk)      Turns: 41987, Time: 03:47:17

Health: -17/146    AC: 14    Str: 18    XL:     17   Next: 24%
Magic:  27/31      EV: 21    Int: 17    God:    Wu Jian [******]
Gold:   2924       SH:  6    Dex: 23    Spells: 16/36 levels left

rFire    x . .     SeeInvis +     - Unarmed
rCold    . . .     Gourm    .   (shield currently unavailable)
rNeg     . . .     Faith    .   (armour unavailable)
rPois    .         Spirit   .   C - +1 hat
rElec    .         Reflect  +   q - +0 cloak
rCorr    .         Harm     .   (gloves currently unavailable)
MR       ++...                  (no boots)
Stlth    ++++......             j - amulet of Ru's Indignation {Reflect Str+3 Int+4 Slay+2 SH+6 Stlth+}
HPRegen  0.34/turn              X - ring of Plog {rF- Dex+6 SInv}
MPRegen  0.22/turn              J - +3 ring of protection

@: exhausted, blade hands
A: breathe power, unfitting armour, cold-blooded, AC +9
a: Breathe Dispelling Energy, End Transformation, Wall Jump, Serpent's Lash,
Heavenly Storm, Renounce Religion


You were on level 2 of the Elven Halls.
You worshipped Wu Jian.
Wu Jian was exalted by your worship.
You were not hungry.
You had blades for hands.
You visited 5 branches of the dungeon, and saw 26 of its levels.
You also visited: Sewer.

You collected 3379 gold pieces.
You spent 455 gold pieces at shops.

Inventory:

Missiles
 d - 6 javelins of returning
 t - 5 javelins
 K - 8 steel tomahawks (quivered)
Armour
 e - a scarf of cloud immunity
 l - a +2 shield of reflection
 q - a +0 cloak (worn)
 r - the +3 pair of gloves "Milu" (melded) {rC+ MR+}
   (You acquired it on level 2 of the Lair of Beasts)

   It protects you from cold.
   It affects your resistance to hostile enchantments.
 w - a +2 buckler of protection (melded)
 C - a +1 hat (worn)
 W - a +0 shield of positive energy
Jewellery
 i - an uncursed amulet of guardian spirit {unknown}
 j - the amulet of Ru's Indignation (around neck) {Reflect Str+3 Int+4 Slay+2 SH+6 Stlth+}
   (You took it off a centaur on level 13 of the Dungeon)

   [amulet of reflection]

   It shields you and reflects attacks.
   It affects your strength (+3).
   It affects your intelligence (+4).
   It affects your accuracy and damage with ranged weapons and melee attacks
   (+2).
   It affects your SH (+6).
   It makes you more stealthy.
 n - an uncursed ring of protection from magic
 p - an uncursed ring of wizardry
 y - the ring "Dust" {Ice rElec Int+4}
   (You found it on level 5 of the Dungeon)

   [ring of ice]

   It enhances your ice magic.
   It affects your intelligence (+4).
   It makes you vulnerable to fire.
   It protects you from cold.
   It insulates you from electricity.
 A - an uncursed ring of flight
 B - an uncursed ring of protection from fire
 E - an uncursed amulet of rage
 J - a +3 ring of protection (right scythe-like blade)
 O - an uncursed ring of protection from magic
 U - an uncursed ring of protection from cold
 V - an uncursed ring of poison resistance
 X - the ring of Plog (left scythe-like blade) {rF- Dex+6 SInv}
   (You found it on level 3 of the Lair of Beasts)

   [ring of see invisible]

   It affects your dexterity (+6).
   It makes you vulnerable to fire.
   It lets you see invisible.
Wands
 m - a wand of iceblast (9)
 u - a wand of polymorph (21)
 v - a wand of flame (13)
 H - a wand of scattershot (6)
 I - a wand of clouds (6)
Scrolls
 c - 3 scrolls of magic mapping
 f - 2 scrolls of identify
 h - 5 scrolls of teleportation
 s - 9 scrolls of remove curse
 z - a scroll of fear
 N - 3 scrolls of blinking
Potions
 b - 15 potions of curing
 g - a potion of haste
 k - 6 potions of brilliance
 o - a potion of might
 x - a potion of flight
 D - 6 potions of magic
 F - 2 potions of ambrosia
 G - 6 potions of lignification
 L - 2 potions of agility
 M - a potion of invisibility
 P - 2 potions of berserk rage
 R - 3 potions of resistance
 S - a potion of mutation
 Y - 4 potions of heal wounds
Comestibles
 a - 32 rations


   Skills:
 - Level 12.2 Fighting
 + Level 10.1 Dodging
 - Level 3.6 Stealth
 - Level 4.0 Shields
 + Level 19.9 Unarmed Combat
 + Level 10.0 Spellcasting
 - Level 4.8 Hexes
 - Level 2.0 Charms
 - Level 4.3 Summonings
 * Level 7.3 Transmutations
 - Level 4.3 Air Magic
 - Level 4.0 Evocations


You had 16 spell levels left.
You knew the following spells:

 Your Spells              Type           Power        Failure   Level  Hunger
a - Confusing Touch       Hex            ####..       16%         1    None
b - Confuse               Hex            ####....     28%         3    None
c - Summon Lightning Spi  Summ/Air       ###.....     54%         4    ###....
d - Song of Slaying       Chrm           ###.....     34%         2    None
e - Blade Hands           Tmut           ####......   50%         5    #####..
f - Sticks to Snakes      Tmut           ####....     13%         2    None
g - Regeneration          Chrm/Necr      ##........   58%         3    None

Your spell library contained the following spells:

 Spells                   Type           Power        Failure   Level  Hunger
 Beastly Appendage        Tmut           ####..       11%         1    None
 Corona                   Hex            ####...      16%         1    None
 Slow                     Hex            ####....     21%         2    None
 Infusion                 Chrm           ###.         28%         1    None
 Spider Form              Tmut/Pois      ###.......   34%         3    None
 Spectral Weapon          Hex/Chrm       ###.....     36%         3    None
 Animate Skeleton         Necr           N/A          43%         1    None
 Pain                     Necr           #...         43%         1    None
 Shroud of Golubria       Chrm/Tloc      ##........   43%         2    None
 Inner Flame              Hex/Fire       ###.....     45%         3    None
 Portal Projectile        Hex/Tloc       ###...       45%         3    None
 Cause Fear               Hex            ####......   50%         4    ###....
 Ice Form                 Ice/Tmut       ###.....     61%         4    ###....
 Petrify                  Tmut/Erth      ###.....     61%         4    ###....
 Yara's Violent Unravell  Hex/Tmut       ####......   61%         5    #####..
 Gell's Gravitas          Tloc           #.........   69%         3    None
 Vampiric Draining        Necr           #.........   69%         3    None
 Leda's Liquefaction      Hex/Erth       ###.......   73%         4    ###....
 Silence                  Hex/Air        ###.......   77%         5    #####..
 Animate Dead             Necr           N/A          93%         4    ###....
 Metabolic Englaciation   Hex/Ice        ###.......   94%         5    #####..
 Conjure Ball Lightning   Conj/Air       ###.......   100%        6    ######.
 Deflect Missiles         Chrm/Air       ###.......   100%        6    ######.
 Tornado                  Air            ###.......   100%        9    #######


Dungeon Overview and Level Annotations

Branches:
Dungeon (15/15)            Temple (1/1) D:6            Lair (6/6) D:9
  Swamp (0/4) Lair:4        Snake (0/4) Lair:2        Slime (0/5) Lair:5
    Orc (2/2) D:12            Elf (2/3) Orc:2        Vaults (0/5) D:13
 Depths: D:15

Altars:
Cheibriados
Dithmenos
Fedhas
Gozag
Makhleb
Qazlal
Wu Jian
Xom
Beogh
Jiyva

Shops:
D:12 ([   Orc:1 *:   Orc:2 [=}(   Elf:1 [?

Portals:
Hell: Lair:6

Annotations:
D:1 1 runed door, exclusions: downstairs and upstairs
D:4 exclusion: 2 downstairs
D:5 exclusion: downstairs
D:7 exclusion: downstairs
D:8 exclusion: 3 downstairs
D:9 exclusion: downstairs
D:13 2 runed doors
D:15 2 runed doors
Lair:5 exclusion: downstairs
Lair:6 3 runed doors, Nr616's ghost, journeyman MiBe
Elf:2 1 exclusion


Innate Abilities, Weirdness & Mutations

You can breathe bolts of dispelling energy.
Your rich purple scales are hard. (AC +9)
You cannot fit into any form of body armour.
You are cold-blooded and may be slowed by cold attacks.


Message History

You hear two shouts!
Unknown command.
You spin and attack the orc warlord.
You hit the orc warlord.
You tail-slap the orc warlord, but do no damage.
The orc warlord is heavily wounded.
The orc warlord hits you with a +2 battleaxe of electrocution.
Unknown command.
The orc warrior hits you from afar with a +0 trident!!
* * * LOW HITPOINT WARNING * * *
You lunge at the orc warlord.
You slice the orc warlord!! You slash the orc warlord.
The orc warlord is almost dead.
You hear a shout!
The orc warrior hits you with a +0 trident!
* * * LOW HITPOINT WARNING * * *
The orc warlord hits you with a +2 battleaxe of electrocution!!
* * * LOW HITPOINT WARNING * * *
Okay, then.
The orc warrior hits you from afar with a +0 trident!!
You die...

#.##(###.?....##########...##.).(
.)(.....####### ######..##
..(###### #o ##.## #.## #o #.##
#.# ##o######## ##... #.#
##o###.#...# #..## #.#
#.#o..#..#.#######.... #.#
#.#...#.............#. ..#
#.#o.@#.##.........##. ..#
##.###.###.......(.### ..#
##...## #.........# # ..# ###.#
#.........# # ..#
#..###########.## # ###
#.###........#.# # #
#.###.###....#.#### #
#.##.####.###...... #.##.#
#.#...#.####


You could see an orc warlord, an orc knight, 3 orc warriors and an orc priest.

Vanquished Creatures
  Donald (Orc:2)
  A deep elf sorcerer (Elf:1)
  A dire elephant (Lair:6)
  Snorg (D:12)
  An ogre mage (D:13)
  A yaktaur captain (D:15)
  5 hydras
  The ghost of Fapouwn the Cleaver, a journeyman DsFi of Okawaru (Orc:2)
  A catoblepas (Lair:6)
  6 centaur warriors
  5 two-headed ogres
  A death knight (D:13)
  13 dancing weapons
  3 death yaks (Lair:6)
  8 orc high priests
  6 hell knights (D:10)
  7 deep elf knights
  A sun demon (Lair:6)
  6 unseen horrors
  3 deep elf archers
  A flayed ghost (D:13)
  2 wizards
  An obsidian statue (Orc:1)
  A necromancer (D:10)
  A lindwurm (Lair:6)
  A wolf spider (D:13)
  An orc knight (Orc:1)
  4 oklob plants (Lair:5)
  28 deep elf magi
  An orc sorcerer (Orc:2)
  4 ugly things
  4 manticores
  3 cyclopes
  2 orange demons (Lair:6)
  5 centaur skeletons
  6 elephants
  A molten gargoyle (Lair:5)
  2 gargoyles
  8 black mambas
  19 spiny frogs
  A kobold demonologist (D:13)
  A torpor snail (Lair:4)
  5 rime drakes
  4 yaktaurs (D:13)
  2 efreet
  An ice devil (Lair:6)
  A hellwing (Lair:6)
  7 komodo dragons
  2 red devils (Lair:6)
  A tengu conjurer (D:13)
  3 polar bears
  7 trolls
  2 bog bodies (Lair:4)
  A hornet (D:13)
  14 hippogriffs
  19 blink frogs
  An air elemental (Elf:1)
  A spriggan (Lair:2)
  2 wraiths
  3 shadows
  Sigmund (D:6)
  3 vampires
  A human (D:6)
  36 yaks
  8 wyverns
  4 fire elementals
  3 hogs (D:7)
  2 hungry ghosts (D:14)
  3 vampire mosquitoes
  4 basilisks
  9 wargs (Orc:2)
  A swamp worm (Lair:4)
  5 water moccasins
  7 porcupines
  7 hell hounds
  2 sky beasts
  23 orc warriors
  4 black bears
  An eye of draining (D:10)
  2 ice beasts
  A necrophage (D:8)
  A phantom (D:12)
  13 ogres
  3 wolves (Lair:5)
  17 centaurs
  13 crocodiles
  6 big kobolds
  14 bullfrogs
  3 jellies
  5 scorpions
  9 killer bees
  A vampire bat (Lair:5)
  17 wights
  An electric eel (Lair:4)
  5 howler monkeys
  7 crimson imps
  2 lava snakes (Lair:5)
  A bullfrog zombie (D:12)
  2 quasits
  3 centaur zombies
  30 orc priests
  2 bullfrog skeletons
  9 hounds
  16 orc wizards
  2 iguanas
  9 worker ants
  A killer bee zombie (D:8)
  A hound zombie (D:11)
  A hound skeleton (D:9)
  15 adders
  A river rat (Sewer)
  2 shadow imps
  An ooze (D:7)
  A worm (D:2)
  2 dart slugs
  5 leopard geckos
  99 orcs
  9 giant cockroaches
  8 goblins
  9 hobgoblins
  11 jackals
  8 quokkas
  17 bats
  4 frilled lizards
  29 kobolds
  A leopard gecko zombie (D:6)
  2 quokka skeletons
  6 rats
  14 fungi
  9 plants (D:9)
819 creatures vanquished.

Vanquished Creatures (collateral kills)
  2 orc high priests
  A necromancer (D:10)
  3 deep elf magi (Elf:1)
  4 hell hounds (D:10)
  2 ogres
  6 orc priests
  5 orcs
  3 kobolds (D:9)
26 creatures vanquished.

Vanquished Creatures (others)
  A slime creature (D:13)
  An orc priest (D:9)
  A fire vortex (Lair:5)
  12 fungi
  16 plants
31 creatures vanquished.

Grand Total: 876 creatures vanquished

Notes
Turn   | Place    | Note
-------+----------+-------------------------------------------
     0 | D:1      | Pooper the Draconian Monk began the quest for the Orb.
     0 | D:1      | Reached XP level 1. HP: 19/19 MP: 1/1
     0 | D:1      | Noticed a jelly
     2 | D:1      | Found a runed door.
   496 | D:1      | Reached XP level 2. HP: 18/26 MP: 2/2
   722 | D:1      | Reached skill level 4 in Unarmed Combat
   800 | D:1      | Reached XP level 3. HP: 27/31 MP: 3/3
  1411 | D:2      | Noticed an ice beast
  1620 | D:2      | You fall through a shaft!
  2393 | D:3      | Reached XP level 4. HP: 38/38 MP: 4/4
  2504 | D:3      | Learned a level 1 spell: Confusing Touch
  2835 | D:3      | Reached skill level 5 in Unarmed Combat
  3377 | D:3      | Reached skill level 1 in Hexes
  3377 | D:3      | Reached XP level 5. HP: 17/45 MP: 5/5
  4085 | D:4      | Found a glowing drain.
  4144 | Sewer    | Entered a sewer
  4274 | Sewer    | Reached XP level 6. HP: 40/51 MP: 4/6
  4572 | Sewer    | Found a glowing silver altar of Zin.
  5069 | D:5      | Entered Level 5 of the Dungeon
  5079 | D:5      | Reached skill level 1 in Shields
  5425 | D:5      | Got a faintly glowing copper ring
  5707 | D:6      | Reached skill level 6 in Unarmed Combat
  5707 | D:6      | Your scales start taking on a rich purple colour.
  5707 | D:6      | Reached XP level 7. HP: 33/57 MP: 7/7
  6140 | D:6      | Identified the ring "Dust" {Ice rElec Int+4} (You found it
                  | on level 5 of the Dungeon)
  6505 | D:6      | Found a staircase to the Ecumenical Temple.
  6580 | Temple   | Entered the Ecumenical Temple
  6587 | Temple   | Became a worshipper of the Wu Jian Council
  6587 | Temple   | Reached * piety under Wu Jian
  6587 | Temple   | Reached ** piety under Wu Jian
  6608 | D:6      | Noticed Sigmund
  6617 | D:6      | Killed Sigmund
  7024 | D:6      | Reached skill level 7 in Unarmed Combat
  7131 | D:6      | Reached XP level 8. HP: 63/63 MP: 8/8
  7825 | D:7      | Reached skill level 8 in Unarmed Combat
  8177 | D:6      | Reached skill level 9 in Unarmed Combat
  8435 | D:7      | Reached XP level 9. HP: 47/70 MP: 9/9
  8448 | D:7      | Reached skill level 10 in Unarmed Combat
  8864 | D:8      | Reached *** piety under Wu Jian
  9062 | D:8      | Noticed a troll
  9079 | D:8      | Killed a troll
  9079 | D:8      | Reached skill level 11 in Unarmed Combat
  9079 | D:8      | Reached skill level 1 in Evocations
  9204 | D:8      | Found a blossoming altar of Fedhas.
  9289 | D:8      | Noticed a two-headed ogre
 10314 | D:8      | Learned a level 3 spell: Confuse
 10712 | D:9      | Reached XP level 10. HP: 43/80 MP: 10/12
 11078 | D:9      | Reached skill level 12 in Unarmed Combat
 11221 | D:8      | Reached skill level 5 in Fighting
 11983 | D:9      | Found a staircase to the Lair.
 12191 | D:9      | Found a stormy altar of Qazlal.
 12904 | D:9      | Reached skill level 13 in Unarmed Combat
 12967 | D:9      | Found a shimmering altar of Xom.
 12968 | D:9      | Found a shimmering altar of Xom.
 12968 | D:9      | Found a shimmering altar of Xom.
 12968 | D:9      | Found a shimmering altar of Xom.
 12970 | D:9      | Found a shimmering altar of Xom.
 12971 | D:9      | Found a shimmering altar of Xom.
 12974 | D:9      | Found a shimmering altar of Xom.
 13731 | D:9      | Noticed a sea snake
 13742 | D:9      | Noticed an orb spider
 13742 | D:9      | a shapeshifter changed into an orb spider
 13802 | D:10     | Entered Level 10 of the Dungeon
 14473 | D:10     | Reached **** piety under Wu Jian
 14651 | D:10     | Noticed a two-headed ogre
 14655 | D:10     | Killed a two-headed ogre
 14670 | D:10     | Reached XP level 11. HP: 73/89 MP: 14/14
 15063 | D:10     | Noticed a two-headed ogre
 15068 | D:10     | Killed a two-headed ogre
 15641 | D:11     | Reached skill level 5 in Dodging
 15728 | D:11     | Reached skill level 14 in Unarmed Combat
 16168 | D:11     | Noticed a green ugly thing
 16199 | D:11     | Killed a green ugly thing
 16672 | D:10     | Noticed an unseen horror
 16690 | D:10     | Killed an unseen horror
 16989 | D:10     | Noticed an unseen horror
 16993 | D:10     | Killed an unseen horror
 17022 | D:10     | Noticed a hell knight
 17027 | D:10     | Noticed a hell knight
 17030 | D:10     | Noticed a hell knight
 17031 | D:10     | HP: 4/92 [hell knight/+1 glaive (16)]
 17470 | D:11     | Noticed an unseen horror
 17475 | D:11     | Killed an unseen horror
 17762 | D:12     | Noticed Snorg
 17771 | D:12     | Killed Snorg
 18094 | D:12     | Found Telycs Yriku's Armour Shoppe.
 18096 | D:12     | Found a staircase to the Orcish Mines.
 18098 | D:12     | Found Vin Seud's Weapon Shoppe.
 18117 | D:12     | Reached skill level 15 in Unarmed Combat
 18391 | D:12     | Noticed a two-headed ogre
 18395 | D:12     | Killed a two-headed ogre
 18450 | D:12     | Reached XP level 12. HP: 99/101 MP: 15/15
 18747 | D:13     | Noticed a death knight
 19500 | D:13     | Got a smoking buckler
 19506 | D:13     | Identified the +1 buckler of the Ecumenical Temple {Dex+3}
                  | (You found it on level 13 of the Dungeon)
 19538 | D:13     | Reached ***** piety under Wu Jian
 19538 | D:13     | Reached skill level 16 in Unarmed Combat
 19548 | D:13     | Noticed a two-headed ogre
 19834 | D:13     | Killed a two-headed ogre
 19850 | D:13     | Noticed an ogre mage
 19857 | D:13     | Found a gate to the Vaults.
 19864 | D:13     | Killed an ogre mage
 20003 | D:13     | Noticed a two-headed ogre
 20021 | D:13     | Killed a two-headed ogre
 20365 | D:13     | Killed a death knight
 20676 | D:13     | Noticed a centaur warrior
 20676 | D:13     | Noticed a centaur warrior
 20676 | D:13     | Identified the amulet of Ru's Indignation {Reflect Str+3
                  | Int+4 Slay+2 SH+6 Stlth+}
 20687 | D:13     | Reached XP level 13. HP: 86/111 MP: 16/16
 21150 | D:13     | Reached skill level 17 in Unarmed Combat
 21638 | D:13     | Found a runed door.
 21640 | D:13     | Found a runed door.
 22057 | D:13     | Found a runed door.
 22059 | D:13     | Found a runed door.
 22217 | D:13     | Found a gate to the Vaults.
 22549 | D:14     | Reached skill level 10 in Fighting
 24247 | D:15     | Entered Level 15 of the Dungeon
 24275 | D:15     | Found a large runed door.
 24278 | D:15     | Found a large runed door.
 24846 | D:15     | Reached skill level 18 in Unarmed Combat
 25021 | D:15     | Noticed a fire dragon
 25370 | Lair:1   | Entered Level 1 of the Lair of Beasts
 26562 | Lair:2   | Reached XP level 14. HP: 118/124 MP: 17/17
 26630 | Lair:2   | Found a staircase to the Snake Pit.
 26684 | Lair:2   | Identified a scroll of acquirement
 26691 | Lair:2   | Got a pair of translucent gloves
 26698 | Lair:2   | Identified the +3 pair of gloves "Milu" {rC+ MR+} (You
                  | acquired it on level 2 of the Lair of Beasts)
 27071 | Lair:3   | You fall through a shaft for 2 floors!
 27616 | Lair:4   | Upgraded the game from 0.23-a0-726-g9fa1570 to
                  | 0.23-a0-730-g0b75920
 27987 | Lair:3   | Got a heavily runed copper ring
 27989 | Lair:3   | Identified the ring of Plog {rF- Dex+6 SInv} (You found it
                  | on level 3 of the Lair of Beasts)
 28271 | Lair:3   | Learned a level 4 spell: Summon Lightning Spire
 29393 | Lair:4   | Found a staircase to the Swamp.
 29885 | Lair:5   | Reached skill level 1 in Spellcasting
 29891 | Lair:5   | Reached skill level 1 in Air Magic
 29891 | Lair:5   | Reached skill level 19 in Unarmed Combat
 29891 | Lair:5   | Reached skill level 1 in Summonings
 30575 | Lair:5   | Learned a level 2 spell: Song of Slaying
 30588 | Lair:5   | Found a staircase to the Slime Pits.
 30588 | Lair:5   | Found a viscous altar of Jiyva.
 30801 | Lair:6   | Entered Level 6 of the Lair of Beasts
 30995 | Lair:6   | Found a runed gate.
 30997 | Lair:6   | Found a runed gate.
 30997 | Lair:6   | Found a runed gate.
 30997 | Lair:6   | Noticed Nr616's ghost (journeyman MiBe)
 31061 | Lair:6   | Reached skill level 1 in Charms
 31299 | Lair:6   | Reached ****** piety under Wu Jian
 32457 | Lair:6   | Learned a level 5 spell: Blade Hands
 32755 | Lair:6   | Reached XP level 15. HP: 71/132 MP: 19/19
 33655 | Lair:6   | Found a burning altar of Makhleb.
 34061 | Lair:6   | Found a gateway to Hell.
 34417 | Orc:1    | Entered Level 1 of the Orcish Mines
 34502 | Orc:1    | Found Saerop's Book Shoppe.
 36485 | Orc:2    | Entered Level 2 of the Orcish Mines
 36514 | Orc:2    | Noticed Donald
 36526 | Orc:2    | Killed Donald
 36526 | Orc:2    | Reached skill level 5 in Spellcasting
 36655 | Orc:2    | HP: 1/132 [smoke demon/divine providence[an orc high
                  | priest] (15)]
 37826 | Orc:2    | Reached skill level 10 in Dodging
 38221 | Orc:2    | Found a roughly hewn altar of Beogh.
 38369 | Orc:2    | Found a roughly hewn altar of Beogh.
 38412 | Orc:2    | Found a staircase to the Elven Halls.
 38494 | Orc:2    | Found Atoef's Antique Armour Boutique.
 38494 | Orc:2    | Found Afaeduocsoa's Jewellery Emporium.
 38552 | Orc:2    | Found Zech's Weapon Emporium.
 38552 | Orc:2    | Found Hejavo's Gadget Boutique.
 38725 | Orc:1    | Found a runed gate.
 38728 | Orc:1    | Found a runed gate.
 38728 | Orc:1    | Found a runed gate.
 38728 | Orc:1    | Found an opulent altar of Gozag.
 38762 | Orc:1    | Noticed Fapouwn's ghost (journeyman DsFi)
 38766 | Orc:1    | Found Bomif's Assorted Antiques.
 38816 | Orc:2    | Killed Fapouwn's ghost
 38816 | Orc:2    | Reached skill level 1 in Transmutations
 39004 | Orc:1    | Bought a wand of iceblast (8) for 124 gold pieces
 39090 | Elf:1    | Entered Level 1 of the Elven Halls
 39090 | Elf:1    | Noticed a deep elf sorcerer
 39095 | Elf:1    | Killed a deep elf sorcerer
 39237 | Elf:1    | You fall through a shaft!
 39252 | Elf:2    | Found a runed gate.
 39252 | Elf:2    | Found a runed gate.
 39252 | Elf:2    | Found a runed gate.
 39633 | Elf:2    | Learned a level 2 spell: Sticks to Snakes
 39714 | Elf:1    | Reached skill level 5 in Transmutations
 39980 | Elf:1    | Found Goschirr's Antique Armour Boutique.
 40164 | Elf:1    | Found Aleigi's Magic Scroll Shoppe.
 40172 | Elf:1    | Reached XP level 16. HP: 103/139 MP: 27/27
 40181 | Elf:1    | Bought a scroll of blinking for 127 gold pieces
 40181 | Elf:1    | Bought a scroll of identify for 34 gold pieces
 40181 | Elf:1    | Bought a scroll of teleportation for 51 gold pieces
 40181 | Elf:1    | Bought a scroll of teleportation for 51 gold pieces
 40183 | Elf:1    | Bought a scroll of identify for 34 gold pieces
 40183 | Elf:1    | Bought a scroll of identify for 34 gold pieces
 40186 | Elf:1    | Reached XP level 17. HP: 113/146 MP: 27/29
 41067 | Elf:2    | Learned a level 3 spell: Regeneration
 41966 | Elf:2    | Reached skill level 10 in Spellcasting
 41987 | Elf:2    | Demolished by an orc warrior

Vault maps used:
D:1:      dpeg_arrival_caged_fury, roderic_serpentine_path,
          hangedman_decor_slide_cut
D:3:      minmay_door_path, serial_curves, eino_curves_02, eino_curves_02
D:4:      gup_sewer_entry_glass, first_ration, minmay_misc_feat_ornament
D:6:      minmay_temple_entry_proselytizer, uniq_sigmund
D:7:      grunt_livestock, chequers_serial_rivers_micro_b
D:8:      kennysheep_six_static_rooms, roderic_lattice_a, fedhas_altar_3
D:9:      xom_shifter_show, due_lair_maze_entry_diamond, grunt_qazlal_sundering
D:10:     minmay_rotating_lava
D:12:     orc_david_3, minivault_27, uniq_snorg
D:13:     minmay_the_grid_triangle_9x9_line_8_mashed,
          hangedman_vaults_entry_quadrant_bands, corexii_leaking_fountain
D:14:     minmay_misc_feat_pillars
D:15:     grunt_enter_depths_hoard, chequers_big_river, grunt_ministairs_10,
          jmf_multi_god_temple2
Temple:   minmay_crystal_snake_temple
Lair:1:   grunt_megastairs_3, serial_bayou_shore_b, infiniplex_staircase_pool_2
Lair:2:   dummy_snake_entry, grunt_forest_large_clearing_hut
Lair:3:   grunt_megastairs_4
Lair:4:   nicolae_swamp_entry_splash_gauntlet, infiniplex_staircase_pool
Lair:5:   slime_altar_1, roderic_batcave, chequers_serial_rivers_small_3,
          minmay_lair_oklob_chamber
Lair:6:   evil_forest, gammafunk_ghost_hydra_chop, lemuel_fruit_tree
Orc:1:    ebering_ghost_gozag, serial_shops,
          nicolae_shop_temple_entry_statues_fountains, nicolae_orc_rockfall
Orc:2:    st_orc_town, special_room, basic_altar, uniq_donald
Elf:1:    serial_shops, nicolae_shop_trees, shop, minmay_elf_crystal_hexagon,
          grunt_megastairs_2
Elf:2:    special_room, serial_sigils_hangedman_shear, lemuel_elevator,
          uniq_asterion
Sewer:    sewer_kobolds

Skill      XL: |  1  2  3  4  5  6  7  8  9 10 11 12 13 14 15 16 17 |
---------------+----------------------------------------------------+-----
Unarmed Combat | 4 5 6 7 9 11 13 15 16 18 19 | 19.9
Hexes          | 1 4 |  4.8
Shields        | 1 2 4 |  4.0
Stealth        | 2 3 |  3.6
Dodging        | 3 4 6 7 8 9 10 | 10.1
Evocations     | 2 4 |  4.0
Fighting       | 4 6 8 9 11 12 | 12.2
Spellcasting   | 3 7 8 10 | 10.0
Air Magic      | 2 4 |  4.3
Summonings     | 2 4 |  4.3
Charms         | 2 |  2.0
Transmutations | 5 6 7 |  7.3

Action                   |  1- 3 |  4- 6 |  7- 9 | 10-12 | 13-15 | 16-18 || total
-------------------------+-------+-------+-------+-------+-------+-------++-------
Melee: Unarmed           |   156 |   117 |   240 |   796 |  1766 |   153 ||  3228
       Tailslap          |    20 |    35 |    56 |   144 |   325 |    34 ||   614
       Punch             |     1 |     5 |    15 |    42 |       |     3 ||    66
       Dagger            |       |   159 |   137 |       |       |       ||   296
Throw: Tomahawk          |       |       |       |     2 |    12 |       ||    14
       Javelin           |       |       |       |       |    19 |       ||    19
       Throwing net      |       |       |       |       |     2 |       ||     2
 Cast: Confusing Touch   |       |     6 |     7 |    11 |    51 |    15 ||    90
       Song of Slaying   |       |       |       |       |     4 |     1 ||     5
       Summon Lightning  |       |       |       |       |    52 |     7 ||    59
       Confuse           |       |       |       |       |    13 |       ||    13
       Regeneration      |       |       |       |       |       |    21 ||    21
       Blade Hands       |       |       |       |       |       |     2 ||     2
Invok: Whirlwind         |       |       |   102 |   294 |   642 |    47 ||  1085
       Lunge             |       |       |    80 |   206 |   325 |    31 ||   642
       Serpent's Lash    |       |       |     1 |     4 |     4 |     2 ||    11
       Heavenly Storm    |       |       |       |       |     1 |       ||     1
 Abil: Breathe Dispellin |       |       |     5 |     7 |     2 |     1 ||    15
       Evoke Berserk Rag |       |       |     2 |     4 |     5 |       ||    11
       Wall Jump         |       |       |       |       |     3 |       ||     3
Evoke: Wand              |       |       |       |     2 |    10 |       ||    12
  Use: Scroll            |       |     4 |     1 |    13 |    18 |     3 ||    39
       Potion            |       |     1 |     3 |     3 |     7 |     1 ||    15
 Stab: Sleeping          |     6 |     6 |     9 |    15 |    14 |       ||    50
       Confused          |       |     2 |     4 |    13 |    43 |    11 ||    73
       Distracted        |       |     1 |     2 |     1 |     7 |       ||    11
  Eat: Chunk             |     4 |    12 |    16 |    24 |    49 |     6 ||   111
       Ration            |       |       |     1 |     4 |    10 |     1 ||    16
Armor: Skin              |    32 |    58 |    78 |   245 |   225 |    39 ||   677
Dodge: Dodged            |   102 |   141 |   230 |   467 |   576 |    74 ||  1590
Block: Shield            |     4 |    40 |       |       |       |       ||    44
       Buckler           |       |       |       |    18 |   618 |    30 ||   666
       Reflection        |       |       |       |       |    23 |     5 ||    28
       Other             |       |       |       |       |       |     3 ||     3

Table legend:
 A = Non-vault XP
 B = Vault XP
 C = Vault XP percentage of total XP
 D = Non-vault monster count
 E = Vault monster count
 F = Vault count percentage of total count
                 A         B        C        D         E       F
            +---------+---------+-------+---------+---------+-------
      Total |  102162 |   68970 |  40.3 |     575 |     247 |  30.0
            +---------+---------+-------+---------+---------+-------
        D:1 |      57 |       0 |   0.0 |      35 |       0 |   0.0
        D:2 |      21 |       0 |   0.0 |       9 |       0 |   0.0
        D:3 |      82 |      45 |  35.4 |      29 |       3 |   9.4
        D:4 |     153 |      57 |  27.1 |      12 |       6 |  33.3
        D:5 |     133 |       0 |   0.0 |       6 |       0 |   0.0
        D:6 |     717 |     455 |  38.8 |      28 |       3 |   9.7
        D:7 |     648 |     782 |  54.7 |      12 |       4 |  25.0
        D:8 |    2384 |     451 |  15.9 |      22 |       5 |  18.5
        D:9 |    3843 |    2202 |  36.4 |      52 |      11 |  17.5
       D:10 |    5247 |    6114 |  53.8 |      23 |      16 |  41.0
       D:11 |    3933 |       0 |   0.0 |      23 |       0 |   0.0
       D:12 |    3000 |    1252 |  29.4 |      23 |       7 |  23.3
       D:13 |    7711 |   14758 |  65.7 |      38 |      37 |  49.3
       D:14 |    9864 |       0 |   0.0 |      38 |       0 |   0.0
       D:15 |    1469 |    2872 |  66.2 |       4 |       4 |  50.0
     Lair:1 |    1387 |     270 |  16.3 |       6 |       1 |  14.3
     Lair:2 |    1803 |    1092 |  37.7 |      10 |       3 |  23.1
     Lair:3 |    4316 |    1620 |  27.3 |      17 |       6 |  26.1
     Lair:4 |    4345 |     739 |  14.5 |      15 |       4 |  21.1
     Lair:5 |    5690 |    3271 |  36.5 |      19 |      16 |  45.7
     Lair:6 |   15437 |    9207 |  37.4 |      39 |      26 |  40.0
      Orc:1 |    3580 |    2274 |  38.8 |      42 |      12 |  22.2
      Orc:2 |    2867 |   10419 |  78.4 |      35 |      54 |  60.7
      Elf:1 |   10004 |    5064 |  33.6 |      16 |      10 |  38.5
      Elf:2 |   13471 |    5900 |  30.5 |      22 |       8 |  26.7
      Sewer |       0 |     126 | 100.0 |       0 |      11 | 100.0
            +---------+---------+-------+---------+---------+-------
